 Dungeon Crawl Stone Soup version 0.19.0-19-g8c6edcc (webtiles) character file.

73383 grisnicke the Brawler (level 15, -1/132 HPs)
             Began as a Ghoul Monk on Nov 13, 2016.
             Was a High Priest of Cheibriados.
             Slain by an orc warlord
             ... wielding a +0 great mace
              (21 damage)
             ... on level 1 of the Orcish Mines.
             The game lasted 01:36:30 (20240 turns).

grisnicke the Brawler (Ghoul Monk)                 Turns: 20240, Time: 01:36:30

Health: -1/132     AC: 23    Str: 31    XL:     15   Next: 43%
Magic:  19/23      EV: 17    Int: 19    God:    Cheibriados [*****.]
Gold:   1297       SH:  4    Dex: 30    Spells: 0 memorised, 14 levels left

rFire  . . .     SeeInvis .       - Unarmed
rCold  + . .     Gourm    .     I - +2 plate armour {MR+}
rNeg   + + +     Faith    .     (no shield)
rPois  ∞         Spirit   .     y - +2 helmet
rElec  .         Reflect  +     e - +0 cloak
rCorr  .         Harm     .     (no gloves)
MR     +++..                    A - +2 pair of boots of the Assassin {DetectMon Stab+ Stlth++}
Stlth  +++++.....               Y - +4 amulet of reflection
                                C - ring of protection from magic {MR+, !d}
                                M - ring of Shadows {Umbra +Inv Stlth+}

@: rotting, wreathed by umbra, studying Unarmed Combat, very slow
A: rotting body, claws 1, carnivore 3, cold resistance 1, negative energy
resistance 3, slow regeneration 1, torment resistance, unbreathing
a: Bend Time, Temporal Distortion, Slouch, Step From Time, Renounce Religion,
Evoke Invisibility


You were on level 1 of the Orcish Mines.
You worshipped Cheibriados.
Cheibriados was extremely pleased with you.
You were not hungry.

You visited 4 branches of the dungeon, and saw 20 of its levels.

You collected 1513 gold pieces.
You spent 216 gold pieces at shops.

Inventory:

Hand Weapons
 a - a +5 blowgun
   (You took it off a kobold on level 9 of the Dungeon)
Missiles
 o - 340 stones (quivered)
 x - a throwing net {=f, !d}
 E - 126 poisoned needles
 Z - 13 tomahawks
Armour
 e - a +0 cloak (worn)
   (You took it off Maurice on level 11 of the Dungeon)
 s - a +1 ring mail of magic resistance
   (You found it on level 2 of the Dungeon)
 y - a +2 helmet (worn)
   (You found it on level 3 of the Dungeon)
 A - the +2 pair of boots of the Assassin (worn) {DetectMon Stab+ Stlth++}
   (You acquired it on level 10 of the Dungeon)

   It makes you much more stealthy.
 I - a +2 plate armour of magic resistance (worn)
   (You found it on level 12 of the Dungeon)
 Q - a +0 scale mail of poison resistance
   (You took it off an orc on level 12 of the Dungeon)
Rods
 w - a +1 iron rod (3/15)
   (You found it on level 5 of the Dungeon)
Jewellery
 u - an uncursed ring of protection from cold {rC+, !d}
   (You found it on level 2 of the Dungeon)
 C - a ring of protection from magic (right claw) {MR+, !d}
   (You found it on level 3 of the Dungeon)
 G - an uncursed ring of protection from magic {MR+, !d}
   (You found it on level 11 of the Dungeon)
 M - the ring of Shadows (left claw) {Umbra +Inv Stlth+}
   (You found it on level 12 of the Dungeon)

   [ring of stealth]

   It lets you turn invisible.
   It makes you more stealthy.
 N - an uncursed ring of flight {+Fly, !d}
   (You found it on level 5 of the Lair of Beasts)
 Y - a +4 amulet of reflection (around neck)
   (You found it on level 12 of the Dungeon)
Wands
 h - a wand of confusion (41/48)
   (You found it on level 2 of the Lair of Beasts)
 m - a wand of flame (26/48)
   (You took it off a big kobold on level 11 of the Dungeon)
 p - a wand of paralysis (13/24)
   (You found it on level 2 of the Lair of Beasts)
 F - a wand of disintegration (12/24)
   (You found it on level 11 of the Dungeon)
 H - a wand of paralysis (13/24)
   (You found it on level 12 of the Dungeon)
 P - a wand of lightning (5/15)
   (You found it on level 7 of the Dungeon)
 T - a wand of polymorph (7/24)
   (You took it off a big kobold on level 9 of the Dungeon)
Scrolls
 c - 4 scrolls of remove curse
 d - a scroll of fear
 g - 8 scrolls of magic mapping {!r}
 i - 8 scrolls of recharging
 j - 6 scrolls of immolation {!r}
 l - 11 scrolls of teleportation
 q - 5 scrolls of blinking {!r}
 r - 3 scrolls of holy word {!r!r}
 v - 3 scrolls of identify
 L - a scroll of fog
Potions
 f - 5 potions of cancellation
 n - 9 potions of curing
 z - a potion of might
 B - 7 potions of flight
 J - a potion of resistance
 K - 3 potions of agility
 V - 2 potions of heal wounds
Books
 O - a book of Misfortune
   (You found it on level 12 of the Dungeon)
 S - a book of Burglary
   (You found it on level 12 of the Dungeon)
 X - a manual of Unarmed Combat {!d}
   (You found it on level 12 of the Dungeon)
Miscellaneous
 U - a disc of storms
   (You found it on level 12 of the Dungeon)
 W - a box of beasts
Comestibles
 b - 7 meat rations {@e2}
 k - 5 beef jerkies
 t - 2 royal jellies
 D - 4 slices of pizza
 R - 4 chunks of flesh {@w0}


   Skills:
 - Level 11.8 Fighting
 - Level 8.2 Armour
 - Level 10.0 Dodging
 + Level 8.4 Stealth
 + Level 15.5 Unarmed Combat
 - Level 13.2 Invocations
 - Level 6.7 Evocations


You had 14 spell levels left.
You didn't know any spells.

Dungeon Overview and Level Annotations

Branches:
Dungeon (12/15)            Temple (1/1) D:7            Lair (6/6) D:10
  Swamp (0/4) Lair:2       Spider (0/4) Lair:3        Slime (0/5) Lair:5
    Orc (1/2) D:10

Altars:
Ashenzari
Cheibriados
Dithmenos
Elyvilon
Fedhas
Gozag
Kikubaaqudgha
Makhleb
Nemelex Xobeh
Qazlal
Ru
Sif Muna
Trog
Vehumet
Xom
Yredelemnul
Zin
Beogh

Shops:
D:8 ?   D:12 (

Annotations:
D:6 exclusion: hydra
Lair:5 exclusion: 2 oklob plants


Innate Abilities, Weirdness & Mutations

Your body is rotting away.
You thrive on raw meat.
You are immune to poison.
You have sharp fingernails.
You are carnivorous and can eat meat at any time.
Your flesh is cold resistant. (rC+)
You are immune to negative energy. (rN+++)
You regenerate slowly when monsters are visible.
You are immune to unholy pain and torment.
You can survive without breathing.


Message History

You claw the orc!
You kill the orc!
Cheibriados appreciates the change of pace.
You claw the orc warrior! The orc warrior misses you.
You claw the orc warrior! You claw the orc warrior!
You kill the orc warrior!
Cheibriados thoroughly appreciates the change of pace.
You block the orc warrior's attack.
You scratch the orc warrior.
The orc warlord shouts!
You scratch the orc warrior but do no damage.
You hear a shout! x5; You hear a howl!
You hear a shout! x3
The orc warrior hits you but does no damage.
The orc warrior barely misses you.
You closely miss the orc warrior.
The orc warlord roars a battlecry!
The orcs go into a battle-frenzy!
The orc warrior misses you.
You hear a howl!
You hear a shout! x2
You mangle the orc warrior!!
You kill the orc warrior!
Cheibriados appreciates the change of pace.
The orc warrior hits you from afar with a trident of flaming!
The orc warrior burns you.
A warg comes into view.
You take 15 damage, and have 117/132 hp.
You can feel time thicken for a moment.
You kill the orc!
Cheibriados thoroughly appreciates the change of pace.
You feel somewhat more hungry.
Cheibriados lowers the support of your attributes as your movement quickens.
The orc warrior misses you.
The orc warlord roars a battlecry!
You now have 18/23 mp.
Unknown command.
Aim: an orc warlord, wielding a great mace and wearing a chain mail (lightly wounded, umbra)
You hear a mighty clap of thunder!
The bolt of lightning misses the orc warrior.
The bolt of lightning hits the orc warlord.
The bolt of lightning hits the warg.
You kill the warg!
Cheibriados appreciates the change of pace.
Evoking this partially-identified wand wasted a few charges.
You hear a shout! x2
You block the orc warrior's attack.
An orc comes into view. It is wielding a mace.
a - a +5 blowgun (weapon)
Aim: an orc warlord, wielding a great mace and wearing a chain mail (lightly wounded, umbra)
You shoot a poisoned needle.
The poisoned needle hits the orc warlord.
The orc warlord is poisoned.
The orc warrior hits you from afar with a trident of flaming!
The orc warrior burns you.
You take 17 damage, and have 101/132 hp.
You are now empty-clawed.
You block the orc warrior's attack.
Wield which item (- for none, * to show all)? (? for menu, Esc to quit)
w - a +1 iron rod (15/15) (in claw)
The orc warlord hits you with a great mace!
An orc warrior comes into view. It is wielding a glaive.
You take 13 damage, and have 88/132 hp.
Aim: an orc warlord, wielding a great mace and wearing a chain mail (lightly wounded, poisoned, umbra)
The burst of metal fragments hits the orc warlord. x5
The orc warrior hits you from afar with a trident of flaming!
The orc warrior burns you. The orc misses you.
The orc warlord roars a battlecry!
The orc warrior goes into a battle-frenzy!
You hear a shout!
You take 9 damage, and have 79/132 hp.
The burst of metal fragments hits the orc warlord. x6
You block the orc warrior's attack. The orc misses you.
The orc warlord misses you.
a - a +5 blowgun (weapon)
You are now empty-clawed.
The orc warrior hits you from afar with a trident of flaming!
The orc warrior burns you.
You take 16 damage, and have 63/132 hp.
You scratch the orc warlord. The orc misses you.
The orc warlord barely misses you.
An orc comes into view. It is wielding a flail.
You scratch the orc warlord.
The orc warrior hits you from afar with a trident of flaming!
The orc warrior burns you!
* * * LOW HITPOINT WARNING * * *
You hear a shout!
You take 24 damage, and have 39/132 hp.
You scratch the orc warlord but do no damage.
The orc barely misses you.
The orc warlord hits you with a great mace.
* * * LOW HITPOINT WARNING * * *
You take 5 damage, and have 34/132 hp.
You barely miss the orc warlord.
The orc warrior hits you from afar with a trident of flaming!
* * * LOW HITPOINT WARNING * * *
The orc warrior burns you.
* * * LOW HITPOINT WARNING * * *
You take 14 damage, and have 20/132 hp.
You scratch the orc warlord but do no damage.
The orc warlord hits you with a great mace!!
You die... ....##..#.## .. ###...# . ##..## #....# ##..## # ###.## ##o# ###....## o.oo.

#.......## #.o#o#
#....#..o@##o.oo##
#........o#.{....#
##......ooo{{.o.#
####....o.o{...#
###.##..o..##
###...o.## ....##
...... .......


You could see an orc warlord, 2 orc warriors, an orc wizard and 5 orcs.

Vanquished Creatures
  Gastronok (Lair:2)
  Snorg (Lair:4)
  An ogre mage (D:12)
  Fannar (Lair:2)
  6 hydras
  A catoblepas (Lair:5)
  5 death yaks (Lair:4)
  4 skeletal warriors (D:12)
  A swamp dragon (Lair:2)
  3 unseen horrors (D:12)
  4 hill giants (D:12)
  2 wolf spiders
  9 slime creatures (D:12)
  3 deep elf magi (D:12)
  2 cyclopes (D:12)
  2 manticores (D:12)
  Maurice (D:11)
  12 elephants
  A guardian serpent (Lair:6)
  10 black mambas
  A torpor snail (Lair:5)
  18 spiny frogs
  Psyche (D:9)
  2 rime drakes
  13 komodo dragons
  A kobold demonologist (D:9)
  A jumping spider (Lair:3)
  3 trolls
  3 two-headed ogres
  A polar bear (Lair:5)
  Prince Ribbit (D:8)
  7 blink frogs
  14 dream sheep
  5 hornets
  7 hippogriffs
  3 redbacks
  11 wyverns
  38 yaks
  3 basilisks
  A vampire mosquito (D:12)
  A hungry ghost (D:9)
  A steam dragon (D:11)
  2 wargs (Orc:1)
  2 mottled dragons (D:12)
  A soldier ant (D:11)
  24 water moccasins
  6 porcupines
  3 phantoms
  An ice beast (D:9)
  14 orc warriors
  2 black bears
  4 sky beasts
  11 ogres
  2 eyes of draining (D:12)
  17 wolves
  A boggart (D:12)
  9 centaurs
  17 crocodiles
  21 bullfrogs
  13 big kobolds
  A wyvern zombie (D:12)
  A water moccasin zombie (D:10)
  9 scorpions
  3 killer bees (D:10)
  5 wights
  4 howler monkeys
  8 crimson imps
  2 bullfrog zombies
  A centaur zombie (D:8)
  4 jellies
  15 orc wizards
  A bullfrog skeleton (D:4)
  10 orc priests
  7 hounds
  5 centaur skeletons
  Jessica (D:5)
  Ijyb (D:2)
  Natasha (twice) (D:4)
  Terence (D:3)
  An iguana (D:12)
  6 hell rats (Lair:6)
  13 worker ants
  3 hound skeletons
  A worker ant zombie (D:7)
  8 gnolls
  2 howler monkey skeletons
  22 adders
  6 shadow imps
  3 oozes
  2 adder zombies
  2 adder skeletons
  A dart slug (D:1)
  2 worms (D:3)
  3 leopard geckos
  53 orcs
  10 bats
  7 giant cockroaches
  8 goblins
  7 hobgoblins
  8 jackals
  5 quokkas
  2 ball pythons
  8 frilled lizards
  A giant cockroach zombie (D:5)
  25 kobolds
  2 leopard gecko skeletons
  A quokka zombie (D:8)
  8 rats
657 creatures vanquished.

Vanquished Creatures (collateral kills)
  A bullfrog (Lair:4)
1 creature vanquished.

Vanquished Creatures (others)
  A two-headed ogre (D:11)
  A human (D:5)
  An orc wizard (D:10)
  15 fungi
  40 plants
58 creatures vanquished.

Grand Total: 716 creatures vanquished

Notes
Turn   | Place    | Note
-------+----------+-------------------------------------------
     0 | D:1      | grisnicke the Ghoul Monk began the quest for the Orb.
     0 | D:1      | Reached XP level 1. HP: 19/19 MP: 0/0
    85 | D:1      | Reached XP level 2. HP: 26/26 MP: 1/1
   188 | D:1      | Reached skill level 4 in Unarmed Combat
   616 | D:1      | Reached XP level 3. HP: 30/31 MP: 2/2
   782 | D:1      | Reached skill level 5 in Unarmed Combat
  1038 | D:2      | Found a basalt altar of Yredelemnul.
  1118 | D:2      | Reached XP level 4. HP: 30/38 MP: 3/3
  1313 | D:2      | Noticed Ijyb
  1347 | D:2      | Killed Ijyb
  1795 | D:3      | Reached skill level 6 in Unarmed Combat
  1795 | D:3      | Reached XP level 5. HP: 32/45 MP: 4/4
  2227 | D:3      | Noticed Terence
  2240 | D:3      | Killed Terence
  2278 | D:3      | Reached skill level 7 in Unarmed Combat
  2315 | D:3      | Found an opulent altar of Gozag.
  2758 | D:4      | Reached XP level 6. HP: 43/51 MP: 5/5
  2926 | D:4      | Noticed Natasha
  2976 | D:4      | Found a sparkling altar of Nemelex Xobeh.
  3025 | D:4      | Found a shimmering altar of Xom.
  3348 | D:4      | Reached skill level 8 in Unarmed Combat
  3702 | D:4      | Killed Natasha
  3804 | D:4      | Noticed Natasha
  3811 | D:4      | Killed Natasha
  3811 | D:4      | Reached XP level 7. HP: 49/54 MP: 6/6
  3825 | D:5      | Entered Level 5 of the Dungeon
  3981 | D:5      | Found a shattered altar of Ashenzari.
  4184 | D:5      | Reached skill level 3 in Dodging
  4272 | D:5      | Reached skill level 4 in Fighting
  4502 | D:5      | Found an ancient bone altar of Kikubaaqudgha.
  4505 | D:5      | Noticed a human
  4507 | D:5      | Killed a human
  4667 | D:5      | Identified a +0 iron rod (14/14) (You found it on level 5 of the Dungeon)
  4690 | D:5      | Noticed Jessica
  4738 | D:5      | Found a deep blue altar of Sif Muna.
  4756 | D:5      | Killed Jessica
  5054 | D:5      | Reached skill level 9 in Unarmed Combat
  5171 | D:5      | Reached XP level 8. HP: 53/67 MP: 7/7
  5371 | D:5      | Reached skill level 4 in Dodging
  5723 | D:6      | Reached skill level 5 in Fighting
  5797 | D:6      | Found an ancient bone altar of Kikubaaqudgha.
  5880 | D:6      | Found a shadowy altar of Dithmenos.
  6165 | D:6      | Reached skill level 5 in Dodging
  6171 | D:6      | Reached skill level 6 in Fighting
  6279 | D:7      | Reached skill level 10 in Unarmed Combat
  6292 | D:7      | Reached XP level 9. HP: 67/74 MP: 8/8
  6312 | D:7      | Found a radiant altar of Vehumet.
  6401 | D:6      | Reached skill level 1 in Armour
  6456 | D:7      | Reached skill level 7 in Fighting
  6527 | D:7      | Found a glowing silver altar of Zin.
  6645 | D:6      | Reached skill level 2 in Armour
  6695 | D:6      | Noticed a six-headed hydra
  6855 | D:7      | Found a staircase to the Ecumenical Temple.
  6864 | Temple   | Entered the Ecumenical Temple
  6935 | Temple   | Became a worshipper of Cheibriados the Contemplative
  6935 | Temple   | Reached * piety under Cheibriados
  6935 | Temple   | Reached ** piety under Cheibriados
  7085 | D:7      | Found a blossoming altar of Fedhas.
  7210 | D:7      | Found a burning altar of Makhleb.
  7212 | D:7      | Noticed a balrug
  7216 | D:7      | Noticed a hellwing
  7353 | D:8      | Found Qus Utwo's Magic Scroll Boutique.
  7359 | D:8      | Bought a scroll of identify for 24 gold pieces
  7359 | D:8      | Bought a scroll of teleportation for 36 gold pieces
  7359 | D:8      | Bought a scroll of magic mapping for 42 gold pieces
  7359 | D:8      | Bought a scroll of blinking for 90 gold pieces
  7359 | D:8      | Bought a scroll of identify for 24 gold pieces
  7416 | D:8      | Noticed Prince Ribbit
  7631 | D:8      | Reached skill level 1 in Invocations
  7669 | D:8      | Reached skill level 2 in Invocations
  7675 | D:8      | Identified Xisosch's Disquisition on Flamy Poison
  7784 | D:8      | Killed Prince Ribbit
  7784 | D:8      | Reached skill level 4 in Invocations
  8328 | D:8      | Reached skill level 5 in Invocations
  8547 | D:8      | Reached XP level 10. HP: 82/86 MP: 12/12
  8574 | D:8      | Reached *** piety under Cheibriados
  8757 | D:9      | Reached skill level 6 in Invocations
  8791 | D:9      | Noticed Psyche
  8818 | D:9      | Reached skill level 7 in Invocations
  9005 | D:9      | Killed Psyche
  9075 | D:9      | Reached skill level 11 in Unarmed Combat
  9148 | D:9      | Reached skill level 8 in Fighting
  9194 | D:9      | Reached **** piety under Cheibriados
  9205 | D:9      | Reached skill level 3 in Armour
  9273 | D:9      | Noticed a kobold demonologist
  9290 | D:9      | Killed a kobold demonologist
  9301 | D:9      | Reached ***** piety under Cheibriados
  9319 | D:9      | Reached skill level 4 in Armour
  9455 | D:10     | Entered Level 10 of the Dungeon
  9459 | D:10     | Reached skill level 9 in Fighting
  9502 | D:10     | Reached XP level 11. HP: 95/97 MP: 15/15
  9530 | D:10     | Found a staircase to the Orcish Mines.
  9545 | D:10     | Found a staircase to the Lair.
  9872 | D:10     | Found a roughly hewn altar of Beogh.
 10020 | D:10     | Reached skill level 5 in Armour
 10157 | Lair:1   | Entered Level 1 of the Lair of Beasts
 10171 | Lair:1   | Reached skill level 12 in Unarmed Combat
 11262 | Lair:2   | Reached skill level 10 in Fighting
 11326 | Lair:2   | Found a staircase to the Swamp.
 11360 | Lair:2   | Noticed Fannar
 11378 | Lair:2   | Killed Fannar
 11384 | Lair:2   | Noticed a swamp dragon
 11398 | Lair:2   | Killed a swamp dragon
 11564 | Lair:2   | Reached skill level 8 in Invocations
 11704 | Lair:2   | Noticed Gastronok
 11720 | Lair:2   | Killed Gastronok
 11720 | Lair:2   | Reached skill level 13 in Unarmed Combat
 11720 | Lair:2   | Reached XP level 12. HP: 108/108 MP: 17/17
 11861 | Lair:2   | Reached skill level 11 in Fighting
 12400 | Lair:3   | Reached skill level 9 in Invocations
 12668 | Lair:3   | Reached skill level 6 in Dodging
 13295 | Lair:3   | Found a hole to the Spider Nest.
 13426 | Lair:4   | Noticed a seven-headed hydra
 13436 | Lair:4   | Killed a seven-headed hydra
 13449 | Lair:4   | Noticed Snorg
 13460 | Lair:4   | Killed Snorg
 13460 | Lair:4   | Reached skill level 10 in Invocations
 13600 | Lair:4   | Reached skill level 7 in Dodging
 13650 | Lair:4   | Noticed a death yak
 13659 | Lair:4   | Killed a death yak
 13659 | Lair:4   | Reached skill level 14 in Unarmed Combat
 13662 | Lair:4   | Noticed a death yak
 13663 | Lair:4   | Noticed a death yak
 13674 | Lair:4   | Killed a death yak
 13681 | Lair:4   | Killed a death yak
 13681 | Lair:4   | Reached XP level 13. HP: 54/116 MP: 13/19
 14336 | Lair:5   | Reached skill level 8 in Dodging
 14336 | Lair:5   | Reached skill level 11 in Invocations
 14349 | Lair:5   | Reached skill level 1 in Evocations
 14355 | Lair:5   | HP: 20/116 [yak[a torpor snail] (11)]
 14397 | Lair:5   | Found a staircase to the Slime Pits.
 14503 | Lair:5   | Reached skill level 2 in Evocations
 15133 | Lair:5   | Reached skill level 3 in Evocations
 15232 | Lair:5   | Reached ****** piety under Cheibriados
 15310 | Lair:6   | Entered Level 6 of the Lair of Beasts
 15469 | Lair:6   | Reached skill level 9 in Dodging
 15473 | Lair:6   | Reached skill level 12 in Invocations
 15473 | Lair:6   | Reached skill level 4 in Evocations
 15658 | Lair:6   | Reached XP level 14. HP: 83/124 MP: 22/22
 15732 | Lair:6   | Reached skill level 5 in Evocations
 16314 | Lair:6   | Reached skill level 6 in Evocations
 16343 | Lair:6   | Reached skill level 10 in Dodging
 16408 | Lair:6   | Reached skill level 13 in Invocations
 16534 | Lair:6   | Reached skill level 6 in Armour
 17125 | D:10     | Identified a scroll of acquirement
 17555 | D:11     | Noticed Maurice
 17560 | D:11     | Killed Maurice
 17981 | D:11     | Reached skill level 3 in Stealth
 18592 | D:12     | Reached skill level 7 in Armour
 18656 | D:12     | Reached skill level 4 in Stealth
 18821 | D:12     | Reached skill level 5 in Stealth
 18844 | D:12     | Reached XP level 15. HP: 97/132 MP: 11/23
 19061 | D:12     | Reached skill level 6 in Stealth
 19110 | D:12     | Reached skill level 8 in Armour
 19122 | D:12     | Found Oxikliuk's Antique Weapon Shop.
 19429 | D:12     | Reached skill level 7 in Stealth
 19615 | D:12     | Reached skill level 15 in Unarmed Combat
 19661 | D:12     | HP: 19/132 [very large slime creature (26)]
 19811 | D:12     | Reached skill level 8 in Stealth
 20129 | Orc:1    | Entered Level 1 of the Orcish Mines
 20212 | Orc:1    | Noticed an orc warlord
 20239 | Orc:1    | HP: 23/132 [orc warrior/trident of flaming[an orc warlord] (11)]
 20240 | Orc:1    | Slain by an orc warlord

Skill      XL: |  1  2  3  4  5  6  7  8  9 10 11 12 13 14 15 |
---------------+----------------------------------------------+-----
Unarmed Combat | 4 5 6 7 8 9 10 11 13 14 15 | 15.5
Dodging        | 3 5 7 9 10 | 10.0
Fighting       | 4 6 7 9 10 11 | 11.8
Armour         | 2 4 5 7 8 |  8.2
Invocations    | 5 7 8 10 12 13 | 13.2
Evocations     | 4 6 |  6.7
Stealth        | 5 8 |  8.4

Action                   |  1- 3 |  4- 6 |  7- 9 | 10-12 | 13-15 || total
-------------------------+-------+-------+-------+-------+-------++-------
Melee: Unarmed           |   141 |   181 |   376 |   549 |  1019 ||  2266
       Punch             |       |     5 |    18 |    46 |   111 ||   180
 Fire: Blowgun           |       |       |       |    42 |    46 ||    88
Throw: Stone             |       |     8 |    19 |    26 |   136 ||   189
Invok: Slouch            |       |       |       |     5 |     8 ||    13
Evoke: Rod               |       |       |       |     6 |     9 ||    15
       Box of beasts     |       |       |       |     1 |       ||     1
       Wand              |       |       |       |       |     1 ||     1
  Use: Scroll            |       |       |     8 |    11 |    18 ||    37
 Stab: Sleeping          |     5 |     3 |     3 |       |     4 ||    15
       Petrified         |       |       |       |       |     4 ||     4
       Petrifying        |       |       |       |       |     1 ||     1
       Distracted        |       |       |       |       |     2 ||     2
  Eat: Chunk             |    16 |    21 |    32 |    44 |   117 ||   230
Armor: Robe              |     4 |       |       |       |       ||     4
       Leather armour    |    38 |       |       |       |       ||    38
       Ring mail         |       |    46 |    96 |     4 |       ||   146
       Plate armour      |       |       |       |   259 |   349 ||   608
Dodge: Dodged            |    97 |    85 |   178 |   292 |   715 ||  1367
Block: Other             |       |       |       |       |    23 ||    23
       Reflection        |       |       |       |       |     1 ||     1

Vault maps used:
D:1:      erik_arrival_cave_to_civilisation
D:2:      marbit_many_paths, serial_bayou_pond_a, uniq_iyjb
D:3:      wad_crossroads, nicolae_gozag_cash_rules_everything_around_me,
          first_bread, uniq_terence
D:4:      lemuel_crystal_altar, xom_butterflies, uniq_natasha
D:5:      tgw_sif, lemuel_crystal_altar, tgw_kikubaaqudgha
D:6:      minmay_klotski, grunt_dithmenos_smoke, basic_altar, minivault_10
D:7:      fedhas_bush_and_centaur_altar, old_standard_altar,
          kennysheep_little_box, makhleb_altar_promises_db
D:8:      serial_shops, shop, serial_co_window_serial, co_window_paths_a,
          co_window_paths_b, co_window_of_opportunity_a, co_window_paths_a,
          co_window_paths_a, co_window_2corner, co_window_corner_b,
          co_window_unsneaky_path_a, co_window_broadway_c, co_window_cross_2,
          co_window_paths_d, glass_columns_a, glass_columns_a,
          uniq_prince_ribbit1
D:9:      special_room, uniq_psyche
D:10:     lair_0_dummy, minmay_orc_entry_temple_small
D:11:     blue_anna_alchemist, lemuel_flamethrower_2, uniq_maurice
D:12:     minmay_spiral_squares, serial_shops, nicolae_shop_window_shopping,
          serial_bayou_pond_c, roderic_aztec_sauvastika
Temple:   minmay_temple_curvy_loop
Lair:2:   minmay_swamp_entry_reptiles, nicolae_quartered_pool_medium,
          uniq_fannar, uniq_gastronok
Lair:3:   spider_nest_entry_funnel_web
Lair:4:   beast_lair_carwin_10, lemuel_fruit_fields, uniq_snorg
Lair:5:   minmay_slime_entry_oklob_open, grunt_megastairs_3
Lair:6:   hangedman_lair_tendril_chambers

Table legend:
 A = Turns spent in this place as a percentage of turns spent in the entire game.
 B = Non-inter-level travel turns spent in this place as a percentage of non-inter-level travel turns spent in the entire game.
 C = Inter-level travel turns spent in this place as a percentage of turns spent in this place.
 D = Turns resting spent in this place as a percentage of non-inter-level travel turns spent in this place.
 E = Turns spent auto-exploring this place as a percentage of non-inter-level travel turns spent in this place.
 F = Non-inter-level travel turns spent in this place divided by the number of levels of this place that you've seen.
                   A       B       C       D       E      F
               +-------+-------+-------+-------+-------+----------------------
         Total | 100.0 | 100.0 |   0.4 |   0.6 |   5.3 | 394.4
       Dungeon |  69.2 |  69.2 |   0.3 |   0.7 |   5.0 | 455.2
        Temple |   0.2 |   0.2 |   6.7 |   0.0 |  42.9 |  14.0
          Lair |  29.9 |  29.9 |   0.4 |   0.5 |   5.8 | 392.8
  Orcish Mines |   0.7 |   0.7 |   0.0 |   0.0 |   5.5 |  55.0
               +-------+-------+-------+-------+-------+----------------------

Table legend:
 A = Kills in this place as a percentage of kills in entire the game.
 B = Kills by you in this place as a percentage of kills by you in the entire game.
 C = Kills by friends in this place as a percentage of kills by friends in the entire game.
 D = Other kills in this place as a percentage of other kills in the entire game.
 E = Experience gained in this place as a percentage of experience gained in the entire game.
 F = Experience gained in this place divided by the number of levels of this place that you have seen.
                   A       B       C       D       E      F
               +-------+-------+-------+-------+-------+----------------------
         Total | 100.0 | 100.0 | 100.0 | 100.0 | 100.0 | 5241.6
       Dungeon |  63.7 |  63.8 |   0.0 | 100.0 |  39.5 | 3447.6
          Lair |  34.7 |  34.7 | 100.0 |   0.0 |  59.7 | 10427.7
  Orcish Mines |   1.5 |   1.5 |   0.0 |   0.0 |   0.9 | 896.0
               +-------+-------+-------+-------+-------+----------------------
